 Dungeon Crawl Stone Soup version 0.31-a0-544-gceb718ecc6 (webtiles) character file.

Game seed: 8821356866699719268

140 Demosthentine the Poker (level 5, -2/41 HPs)
             Began as a Demonspawn Gladiator on Aug 15, 2023.
             Slain by a goblin
             ... wielding a +0 club
              (3 damage)
             ... on level 4 of the Dungeon.
             The game lasted 00:02:36 (3696 turns).

Demosthentine the Poker (Demonspawn Gladiator)      Turns: 3696, Time: 00:02:37

Health: -2/41      AC:  3    Str: 17    XL:     5   Next: 2%
Magic:  5/5        EV: 12    Int:  9    God:
Gold:   190        SH:  0    Dex: 14    Spells: 4/4 levels left

rFire   . . .        a - +0 trident
rCold   . . .        (no shield)
rNeg    . . .        b - +0 leather armour
rPois   .            (helmet restricted)
rElec   .            i - scarf {repulsion}
rCorr   .            (no gloves)
SInv    .            (no boots)
Will    .....        (no amulet)
Stlth   +            (no ring)
HPRegen 0.26/turn    (no ring)
MPRegen 0.09/turn

%: repel missiles
@: brilliant
A: horns 1, demonic magic 1
a: no special abilities


You were on level 4 of the Dungeon.
You visited 1 branch of the dungeon, and saw 4 of its levels.

You collected 190 gold pieces.

Inventory:

Hand Weapons
 a - a +0 trident (weapon)
Missiles
 d - 3 throwing nets (quivered)
 e - a javelin
Armour
 b - a +0 leather armour (worn)
 c - a +0 helmet
 i - a scarf of repulsion (worn)
Scrolls
 f - 3 scrolls of identify
 h - a scroll of teleportation
 k - a scroll of immolation {unknown}
 m - a scroll of poison {unknown}
Potions
 g - 2 potions of haste
 l - a potion of attraction


   Skills:
 + Level 3.1 Fighting
 + Level 3.5 Polearms
 - Level 1.7 Throwing
 + Level 1.9 Armour
 + Level 3.4 Dodging


You had 4 spell levels left.
You didn't know any spells.
Your spell library contained the following spells:

 Spells                   Type           Power      Damage    Failure   Level
 Sandblast                Erth           0%         2d4       43%         1
 Shock                    Conj/Air       0%         1d3       43%         1
 Passwall                 Tmut/Erth      0%         N/A       58%         2
 Static Discharge         Conj/Air       0%         2-2/arc   58%         2
 Ozocubu's Armour         Ice            0%         N/A       82%         3
 Stone Arrow              Conj/Erth      0%         3d7       82%         3
 Airstrike                Air            0%         2d(0-16)  99%         4
 Summon Lightning Spire   Summ/Air       0%         N/A       99%         4
 Ozocubu's Refrigeration  Ice            0%         4d7       100%        7


Dungeon Overview and Level Annotations

Branches:
Dungeon (4/15)
 Temple: D:4-7

Altars:
Wu Jian

Annotations:
D:3 2 transporters, innerfire43's ghost, amateur GnSh
D:4 Dowan; Duvessa


Innate Abilities, Weirdness & Mutations

You have a pair of small horns on your head.
Spells you cast may paralyse adjacent enemies.


Message History

* * * LOW HITPOINT WARNING * * *
An orc comes into view. It is wielding a +0 club.
A goblin comes into view. It is wielding a +0 club.
The goblin shouts!
The orc shouts!
You hit the orc.
You kill the orc!
You have reached level 5!
Your demonic ancestry asserts itself...
A pair of horns grows on your head!
Your +0 helmet falls away!
Reach: a) +0 trident
Press: ? - help, Dir - move target, f - orc
Aim: an orc, wielding a +0 club (about 41% to evade your +0 trident)
You reach to attack!
You barely miss the orc.
Unknown command.
You hit the orc. Your headbutt misses the orc.
The orc is heavily wounded.
The orc hits you with a +0 club.
* * * LOW HITPOINT WARNING * * *
You barely miss the orc.
The orc is heavily wounded.
The orc hits you with a +0 club.
* * * LOW HITPOINT WARNING * * *
It was a potion of brilliance.
You feel clever all of a sudden. The orc barely misses you.
Unknown command.
You hit the orc.
The orc is almost dead.
The orc closely misses you.
Unknown command.
You closely miss the orc.
The orc is almost dead.
The orc hits you with a +0 club.
* * * LOW HITPOINT WARNING * * *
You hit the orc.
You kill the orc!
The goblin misses you.
You completely miss the goblin. The goblin hits you with a +0 club.
You die...

#####...##.# # #.
..........e. .#.
...........e .#.
............ ..
####...##.# #.##
#.......... .g#
#.........# #g#
#.........# #@#
######...#### ####
########.#
.........#
...######......<.#
#.###...####
.#........########
..#.###.####..
...########
#........))...
####
..#.###<####..
........# ###
.##.##### # #


You could see a hobgoblin and a goblin.

Vanquished Creatures
  5 adders
  An ufetubus (D:3)
  A worm (D:4)
  3 dart slugs
  11 orcs
  5 ball pythons
  6 bats
  7 endoplasms
  A giant cockroach (D:2)
  4 goblins
  6 hobgoblins
  6 quokkas
  5 frilled lizards
  3 kobolds
  3 rats
67 creatures vanquished.

Notes
Turn   | Place    | Note
-------+----------+-------------------------------------------
     0 | D:1      | Demosthentine the Demonspawn Gladiator began the quest for
                  | the Orb.
     0 | D:1      | Reached XP level 1. HP: 16/16 MP: 1/1
   194 | D:1      | Gained mutation: Spells you cast may paralyse adjacent
                  | enemies. [demonic ancestry]
   194 | D:1      | Reached XP level 2. HP: 22/22 MP: 2/2
   360 | D:1      | Found a faded altar of an unknown god.
   363 | D:1      | Got Plato's Guidebook on the Nimbus
   696 | D:1      | Reached skill level 1 in Armour
   833 | D:1      | Reached XP level 3. HP: 25/28 MP: 3/3
  2062 | D:3      | Reached XP level 4. HP: 33/34 MP: 4/4
  2539 | D:3      | Found a transporter.
  2722 | D:3      | Found a transporter.
  2724 | D:3      | Noticed innerfire43's ghost (amateur GnSh)
  3206 | D:4      | Found an ornate altar of the Wu Jian Council.
  3399 | D:4      | Noticed Duvessa
  3399 | D:4      | Noticed a phantom
  3400 | D:4      | Noticed Dowan
  3420 | D:4      | HP: 1/35 [phantom (6)]
  3689 | D:4      | Gained mutation: You have a pair of small horns on your
                  | head. [demonic ancestry]
  3689 | D:4      | Reached XP level 5. HP: 3/41 MP: 5/5
  3691 | D:4      | HP: 1/41 [orc/+0 club (2)]
  3696 | D:4      | Slain by a goblin

Illustrated notes

Levels and vault maps discovered:
D:1:      wander_arrival_peaceful_grave, layout_loops_corners,
          shapermc_ecumenical_altar_rom_forum, minmay_hedge_maze
D:2:      layout_basic, kennysheep_potato
D:3:      layout_basic, gammafunk_ghost_mausoleum
D:4:      layout_loops_cross, mainiacjoe_overflow_brackets, uniq_menkaure,
          uniq_duvessa, uniq_sigmund

Skill      XL: |  1  2  3  4 |
---------------+-------------+-----
Polearms       | 3 |  3.5
Dodging        | 3 |  3.4
Armour         | 1 |  1.9
Fighting       | 3 |  3.1
Throwing       | |  1.7

Action                     |  1- 3 |  4- 6 || total
---------------------------+-------+-------++-------
  Melee: Trident           |   137 |    94 ||   231
         Punch             |     1 |       ||     1
    Use: Scroll            |     5 |     4 ||     9
         Potion            |     1 |     1 ||     2
   Stab: Sleeping          |     3 |       ||     3
 Armour: Leather armour    |    42 |    12 ||    54
  Dodge: Dodged            |    93 |    39 ||   132
         Repelled          |       |     2 ||     2

Table legend: (Time is in decaauts)
 A = Elapsed time spent in this place.
 B = Non-inter-level travel time spent in this place.
 C = Inter-level travel time spent in this place.
 D = Time resting spent in this place.
 E = Time spent auto-exploring this place.
 F = Levels seen in this place.
 G = Mean time per level.
                   A        B        C        D        E       F      G
               +--------+--------+--------+--------+--------+-----+--------+
         Total |   3730 |   3618 |    112 |    232 |   2887 |   4 |  932.5 |
       Dungeon |   3730 |   3618 |    112 |    232 |   2887 |   4 |  932.5 |
               +--------+--------+--------+--------+--------+-----+--------+

Top non-repeatable levels by time:
     D:2: 1061 daAuts
     D:1: 1010 daAuts
     D:3: 1009 daAuts
     D:4: 649 daAuts
